 Dungeon Crawl Stone Soup version 0.30-a0-311-gf115ab0292 (webtiles) character file.

Game seed: 1356547075993340664

37 NinjaNoafa the Cutter (level 3, -7/23 HPs)
             Began as a Kobold Gladiator on Oct 25, 2022.
             Mangled by a gnoll
             ... wielding a +0 halberd
              (13 damage)
             ... on level 2 of the Dungeon.
             The game lasted 00:01:53 (1316 turns).

NinjaNoafa the Cutter (Kobold Gladiator)            Turns: 1316, Time: 00:01:54

Health: -7/23      AC:  4    Str: 11    XL:     3   Next: 60%
Magic:  3/3        EV: 16    Int:  9    God:
Gold:   113        SH:  0    Dex: 18    Spells: 2/2 levels left

rFire   . . .      SeeInvis .    a - +0 rapier
rCold   . . .      Faith    .    (no shield)
rNeg    . . .      Spirit   .    b - +0 leather armour
rPois   +          Reflect  .    i - +0 helmet
rElec   .          Harm     .    (no cloak)
rCorr   .          Rampage  .    (no gloves)
Will    .....                    (no boots)
Stlth   ++........               s - amulet of magic regeneration
HPRegen 0.23/turn                f - ring of poison resistance
MPRegen 0.48/turn                (no ring)

@: no status effects
A: small, no large weapons, nightstalker 3
a: no special abilities


You were on level 2 of the Dungeon.
You visited 1 branch of the dungeon, and saw 2 of its levels.

You collected 113 gold pieces.

Inventory:

Hand Weapons
 a - a +0 rapier (weapon)
Missiles
 d - 3 throwing nets
 e - 6 boomerangs (quivered)
 h - 17 stones
Armour
 b - a +0 leather armour (worn)
 i - a +0 helmet (worn)
Jewellery
 f - a ring of poison resistance (left hand)
 s - an amulet of magic regeneration (around neck)
Scrolls
 g - a scroll of butterflies {unknown}
 j - 2 scrolls of noise {unknown}
 l - a scroll of identify {unknown}
 r - a scroll of teleportation {unknown}
 w - a scroll of fear {unknown}
Potions
 c - a potion of might {unknown}
 k - a potion of magic {unknown}
 m - 2 potions of flight {unknown}
 n - a potion of degeneration {unknown}
 o - a potion of mutation {unknown}
 p - 2 potions of lignification {unknown}
 q - a potion of curing {unknown}
 t - a potion of attraction {unknown}
 u - a potion of resistance {unknown}
 v - a potion of cancellation {unknown}


   Skills:
 - Level 3.0 Fighting
 - Level 5.0 Short Blades
 - Level 2.1 Throwing
 + Level 4.0 Dodging


You had 2 spell levels left.
You didn't know any spells.
Your spell library was empty.

Dungeon Overview and Level Annotations

Branches:
Dungeon (2/15)

Altars:


Innate Abilities, Weirdness & Mutations

You are small and have problems with some larger weapons.
You are completely attuned to the shadows.


Message History

A bat is nearby!
The bat barely misses you. The bat closely misses you.
You puncture the bat!
You kill the bat!
Your Dodging skill increases to level 4!
You see here a bat corpse.
w - a scroll labelled COL AMECHUVUOCUSU A gnoll comes into view.
It is wielding a +0 halberd.
A gnoll is nearby!
A gnoll is nearby!
A gnoll comes into view. It is wielding a +0 club.
The gnoll shouts! x2; You hear a shout!
The gnoll misses you.
You barely miss the gnoll.
A hobgoblin comes into view.
The gnoll hits you with a +0 halberd.
A gnoll comes into view. It is wielding a +0 halberd.
The hobgoblin shouts!
You hit the gnoll.
The gnoll is moderately wounded.
The gnoll closely misses you.
You hit the gnoll.
The gnoll is moderately wounded.
The gnoll closely misses you. x2
The gnoll attacks as you move away! The gnoll hits you with a +0 club.
You hit the gnoll.
The gnoll is severely wounded.
The gnoll hits you with a +0 club. The gnoll closely misses you.
You hit the gnoll.
The gnoll is almost dead.
The gnoll closely misses you.
The gnoll hits you from afar with a +0 halberd!
* * * LOW HITPOINT WARNING * * *
You closely miss the gnoll.
The gnoll is almost dead.
The gnoll closely misses you.
The gnoll hits you from afar with a +0 halberd!
Ouch! That really hurt!
You die...

.# #.. .. #.##.##g.
#.#.#.# #.gg# #g# ...#
#g# #...# #@##
####...####### #..#
.............####.#####
..รท...........#........
).............#.#.##.##
####...######.#.#.##.#
#...# #.#.#....#
###...### #.#.###..#
#.......# #.#......#


You could see 3 gnolls and a hobgoblin.

Vanquished Creatures
  7 ball pythons
  4 bats
  7 endoplasms
  A giant cockroach (D:1)
  2 goblins (D:1)
  A hobgoblin (D:1)
  2 jackals (D:1)
  2 kobolds
  2 frilled lizards (D:1)
  5 rats
33 creatures vanquished.

Notes
Turn   | Place    | Note
-------+----------+-------------------------------------------
     0 | D:1      | NinjaNoafa the Kobold Gladiator began the quest for the
                  | Orb.
     0 | D:1      | Reached XP level 1. HP: 12/12 MP: 1/1
   187 | D:1      | Reached XP level 2. HP: 18/18 MP: 2/2
   501 | D:1      | Reached XP level 3. HP: 23/23 MP: 3/3
   620 | D:1      | Reached skill level 5 in Short Blades
  1316 | D:2      | Mangled by a gnoll

Illustrated notes

Levels and vault maps discovered:
D:1:      dpeg_arrival_snail, layout_basic, st_stairs_8,
          amcnicky_mini_pool_small
D:2:      layout_loops_cross, serial_shops, shop

Skill      XL: |  1  2  3 |
---------------+----------+-----
Fighting       | 3 |  3.0
Short Blades   | 5 |  5.0
Dodging        | 4 |  4.0
Throwing       | |  2.1

Action                   || total
-------------------------++-------
Melee: Rapier            ||    79
       Punch             ||     1
Throw: Boomerang         ||     2
 Stab: Sleeping          ||     9
Armor: Leather armour    ||    20
Dodge: Dodged            ||    78

Table legend: (Time is in decaauts)
 A = Elapsed time spent in this place.
 B = Non-inter-level travel time spent in this place.
 C = Inter-level travel time spent in this place.
 D = Time resting spent in this place.
 E = Time spent auto-exploring this place.
 F = Levels seen in this place.
 G = Mean time per level.
                   A        B        C        D        E       F      G
               +--------+--------+--------+--------+--------+-----+--------+
         Total |   1312 |   1256 |     56 |      0 |   1003 |   2 |  656.0 |
       Dungeon |   1312 |   1256 |     56 |      0 |   1003 |   2 |  656.0 |
               +--------+--------+--------+--------+--------+-----+--------+

Top non-repeatable levels by time:
     D:1: 868 daAuts
     D:2: 444 daAuts
